 Dungeon Crawl Stone Soup version 0.23.0-3-gf3c87f2 (webtiles) character file.

Game seed: 2549344150542711545

52 misha the Poker (level 3, -6/28 HPs)
             Began as a Merfolk Gladiator on Feb 23, 2019.
             Mangled by a gnoll
             ... wielding a +3 whip of electrocution
              (8 damage)
             ... on level 2 of the Dungeon.
             The game lasted 00:04:08 (2511 turns).

misha the Poker (Merfolk Gladiator)                 Turns: 2511, Time: 00:04:09

Health: -6/28      AC:  5    Str: 15    XL:     3   Next: 85%
Magic:  3/3        EV: 14    Int:  7    God:
Gold:   122        SH:  0    Dex: 15    Spells: 2/2 levels left

rFire    . . .     SeeInvis .   b - +0 dagger (venom)
rCold    . . .     Gourm    .   (no shield)
rNeg     . . .     Faith    .   f - +0 leather armour
rPois    .         Spirit   .   c - +0 helmet
rElec    .         Reflect  .   (no cloak)
rCorr    .         Harm     .   p - +0 pair of gloves
MR       .....                  (no boots)
Stlth    +.........             e - amulet of magic regeneration
HPRegen  0.09/turn              (no ring)
MPRegen  0.33/turn              (no ring)

@: no status effects
A: change form in water, swift swim, stealthy swim
a: no special abilities


You were on level 2 of the Dungeon.
You were hungry.

You visited 1 branch of the dungeon, and saw 2 of its levels.

You collected 122 gold pieces.

Inventory:

Hand Weapons
 a - a +0 trident
 b - a +0 dagger of venom (weapon)
Missiles
 d - 3 throwing nets (quivered)
 k - 28 stones
Armour
 c - a +0 helmet (worn)
 f - a +0 leather armour (worn)
 p - a +0 pair of gloves (worn)
Jewellery
 e - an amulet of magic regeneration (around neck)
Scrolls
 h - a scroll of fear {unknown}
 i - a scroll of identify {unknown}
 n - a scroll of remove curse {unknown}
Potions
 j - a potion of degeneration {unknown}
 l - a potion of magic {unknown}
 m - 2 potions of curing {unknown}
 o - 2 potions of agility {unknown}
 q - a potion of lignification {unknown}
Comestibles
 g - 3 rations


   Skills:
 + Level 2.4 Fighting
 + Level 1.5 Short Blades
 + Level 4.7 Polearms
 + Level 2.2 Throwing
 + Level 0.9 Armour
 + Level 4.5 Dodging
 + Level 0.6 Stealth


You had 2 spell levels left.
You didn't know any spells.
Your spell library was empty.

Dungeon Overview and Level Annotations

Branches:
Dungeon (2/15)

Altars:
Gozag


Message History

The gnoll is moderately wounded.
The gnoll hits you with a +3 whip of electrocution.
The gnoll hits you from afar with a +0 spear.
A gnoll comes into view.
The gnoll hits you with a +3 whip of electrocution.
You are electrocuted!
* * * LOW HITPOINT WARNING * * *
The gnoll hits you from afar with a +0 spear.
* * * LOW HITPOINT WARNING * * *
The gnoll closely misses you.
The gnoll looks more healthy.
You are too injured to fight recklessly!
You are too injured to fight recklessly!
You are too injured to fight recklessly!
You are too injured to fight recklessly!
You are too injured to fight recklessly!
You hit the gnoll.
The gnoll is almost dead.
The gnoll hits you with a +3 whip of electrocution!
You die...

......#..###.......#)....._......
#####.....#..####...)#.##...#.##.
##.##...#.....####.###.##.##.
#.###.##.##### #.###....##.
#.###.##.########.....######
#....#..[.......#####.######
#####.##........ .###.##....
#####.########## .........##
#......g.gg@# ###.......
#.###.#####.# ####.##. #.# #.#
#.# #.### #.# #g# #.# #.#
####.###.# #.# #.# #(.......# #.#
#.# #.##.##### #.# #.# #.#
#.########## #.### #<#
#.#........# #....


You could see 3 gnolls.

Vanquished Creatures
  An adder (D:2)
  A dart slug (D:2)
  11 goblins
  6 hobgoblins
  6 kobolds
  2 ball pythons
  5 bats
  2 frilled lizards
  6 rats
40 creatures vanquished.

Notes
Turn   | Place    | Note
-------+----------+-------------------------------------------
     0 | D:1      | misha the Merfolk Gladiator began the quest for the Orb.
     0 | D:1      | Reached XP level 1. HP: 16/16 MP: 1/1
   191 | D:1      | Reached XP level 2. HP: 17/22 MP: 2/2
  1206 | D:1      | Reached skill level 1 in Short Blades
  1383 | D:1      | Reached XP level 3. HP: 27/28 MP: 3/3
  1959 | D:2      | Found an opulent altar of Gozag.
  2500 | D:2      | HP: 1/28 [gnoll/+0 spear (5)]
  2511 | D:2      | Mangled by a gnoll

Skill      XL: |  1  2 |
---------------+-------+-----
Short Blades   | 1 |  1.5
Fighting       | |  2.4
Polearms       | |  4.7
Throwing       | |  2.2
Armour         | |  0.9
Dodging        | |  4.5
Stealth        | |  0.6

Action                   || total
-------------------------++-------
Melee: Trident           ||    21
       Dagger            ||   103
  Eat: Ration            ||     1
       Chunk             ||     1
Armor: Leather armour    ||    45
Dodge: Dodged            ||   112
